 Dungeon Crawl Stone Soup version 0.31-a0-1074-g0b22e4e0f1 (webtiles) character file.

Game seed: 11835259301524494386

322 Spaninq the Chopper (level 6, -4/56 HPs)
             Began as a Hill Orc Cinder Acolyte on Nov 26, 2023.
             Was an Initiate of Qazlal.
             Slain by a fire elemental (10 damage)
             ... created by the fiery vengeance of Ignis
             ... on level 1 of the Dungeon.
             The game lasted 00:08:06 (2455 turns).

Spaninq the Chopper (Hill Orc Cinder Acolyte)       Turns: 2455, Time: 00:08:07

Health: -4/56      AC:  5    Str: 19    XL:     6   Next: 47%
Magic:  7/7        EV: 10    Int: 14    God:    Qazlal [......]
Gold:   187        SH:  0    Dex:  6    Spells: 5/7 levels left

rFire   . . .        p - +0 dagger (venom)
rCold   . . .        (no shield)
rNeg    . . .        c - +0 ring mail
rPois   .            (no helmet)
rElec   .            (no cloak)
rCorr   .            (no gloves)
SInv    .            (no boots)
Will    .....        (no amulet) Stlth
                     (no ring)
HPRegen 0.29/turn    (no ring)
MPRegen 0.10/turn

%: no passive effects
@: fire susceptible
A: no striking features
a: Renounce Religion


You were on level 1 of the Dungeon.
You worshipped Qazlal.
Qazlal was noncommittal.
You visited 1 branch of the dungeon, and saw 3 of its levels.

You collected 187 gold pieces.

Inventory:

Hand Weapons
 a - a -1 hand axe of flaming
 p - a +0 dagger of venom (weapon)
Armour
 c - a +0 ring mail (worn)
 i - a +0 buckler
Wands
 l - a wand of digging (6)
 n - a wand of flame (18)
Scrolls
 d - 5 scrolls of teleportation {unknown}
 e - a scroll of noise {unknown}
 f - a scroll of torment {unknown}
 g - a scroll of identify {unknown}
 j - a scroll of enchant weapon {unknown}
 m - a scroll of revelation {unknown}
 q - a scroll of enchant armour {unknown}
Potions
 b - a potion of degeneration {unknown}
 h - a potion of enlightenment {unknown}
 o - a potion of cancellation {unknown}


   Skills:
 + Level 5.4 Fighting
 * Level 7.4 Axes
 + Level 2.4 Shields
 - Level 1.0 Spellcasting
 - Level 3.2 Fire Magic


You had 5 spell levels left.
You knew the following spells:

 Your Spells              Type           Power      Damage    Failure   Level
a - Scorch                Fire           18%        2d5       19%         2

Your spell library contained the following spells:

 Spells                   Type           Power      Damage    Failure   Level
 Magic Dart               Conj           0%         1d3       41%         1
 Summon Small Mammal      Summ           0%         N/A       41%         1
 Call Imp                 Summ           0%         N/A       56%         2
 Call Canine Familiar     Summ           0%         N/A       80%         3
 Frozen Ramparts          Ice            0%         1d1       80%         3
 Mephitic Cloud           Conj/Pois/Air  0%         N/A       80%         3
 Summon Guardian Golem    Hex/Summ       0%         N/A       80%         3
 Petrify                  Tmut/Erth      0%         N/A       99%         4
 Summon Ice Beast         Ice/Summ       0%         N/A       99%         4
 Metabolic Englaciation   Hex/Ice        0%         N/A       100%        5
 Summon Mana Viper        Hex/Summ       0%         N/A       100%        5
 Monstrous Menagerie      Summ           0%         N/A       100%        7


Dungeon Overview and Level Annotations

Branches:
Dungeon (3/15)

Altars:
Qazlal


Message History

Natasha is severely wounded.
Natasha casts a spell at you. The magic dart hits you.
* * * LOW HITPOINT WARNING * * *
The cerulean imp closely misses you.
You feel better. Natasha closely misses you.
The cerulean imp hits you from afar with a +2 spear.
* * * LOW HITPOINT WARNING * * *
You feel better. Natasha claws you!
* * * LOW HITPOINT WARNING * * *
The cerulean imp hits you but does no damage.
Okay, then.
You completely miss Natasha.
Natasha is severely wounded.
Natasha claws you.
* * * LOW HITPOINT WARNING * * *
The cerulean imp hits you from afar with a +2 spear.
* * * LOW HITPOINT WARNING * * *
You kill Natasha!
Qazlal accepts your kill.
Natasha yowls pathetically as she dies!
The cerulean imp disappears in a puff of smoke!
You see here 5 stones.
There is a stone staircase leading up here.
You climb upwards.
There is a stone staircase leading down here.
You start resting. "My hands, my teeth, my burning tears: these will never betray me!" 3 fire elementals come into view.
There is a stone staircase leading down here.
There is a stone staircase leading up here.
The fire elemental hits you.
* * * LOW HITPOINT WARNING * * *
The fire elemental burns you!
* * * LOW HITPOINT WARNING * * *
The fire elemental barely misses you.
You climb upwards.
There is a stone staircase leading down here.
The fire elemental hits you. The fire elemental burns you!
You die...

#.###..##.# #. #......##(# #.
### #.##.#.##.# #. ..#
#.##.#.##.# #.
#.############## #.##.#.##.#
#.
#..............#####.##.#.##.#
#.
##############.#.....##.#.##.#
#. #............##.###.
####### ###@######..........
#.....# #E# ######.####
#.###.#######E# #%# # #.#
#.......°☼# #.# # #.#
########### #.# ####.# #.#
...#.# #.# ##.#.# #.# ##.#)#
#.#


You could see 2 fire elementals.

Vanquished Creatures
  A black bear (D:3)
  Ijyb (D:2)
  2 orc wizards (D:3)
  Natasha (twice) (D:3)
  5 adders (D:2)
  7 dart slugs
  2 orcs (D:3)
  4 endoplasms
  2 giant cockroaches (D:1)
  2 hobgoblins
  2 jackals (D:3)
  3 ball pythons
  6 bats
  4 frilled lizards
  2 goblins (D:3)
  8 kobolds
  3 rats
56 creatures vanquished.

Notes
Turn   | Place    | Note
-------+----------+-------------------------------------------
     0 | D:1      | Spaninq the Hill Orc Cinder Acolyte began the quest for the
                  | Orb.
     0 | D:1      | Reached XP level 1. HP: 19/19 MP: 2/2
   360 | D:1      | Reached XP level 2. HP: 27/27 MP: 3/3
   366 | D:1      | Learned a level 2 spell: Scorch
   790 | D:2      | Reached skill level 5 in Axes
   813 | D:2      | Reached XP level 3. HP: 31/33 MP: 4/4
  1034 | D:2      | Reached XP level 4. HP: 41/41 MP: 0/5
  1344 | D:2      | Reached skill level 6 in Axes
  1707 | D:3      | Found a faded altar of an unknown god.
  1707 | D:3      | Noticed Ijyb
  1711 | D:3      | Noticed a black bear
  1750 | D:2      | Killed Ijyb
  1751 | D:2      | Reached skill level 1 in Shields
  1751 | D:2      | Reached XP level 5. HP: 14/47 MP: 0/6
  2012 | D:3      | Found a stormy altar of Qazlal.
  2024 | D:3      | Fell from the grace of Ignis
  2024 | D:3      | Became a worshipper of Qazlal Stormbringer
  2074 | D:3      | Killed a black bear
  2075 | D:3      | Reached skill level 5 in Fighting
  2157 | D:3      | Reached skill level 7 in Axes
  2157 | D:3      | Reached XP level 6. HP: 43/56 MP: 7/7
  2364 | D:3      | Noticed Natasha
  2373 | D:3      | Killed Natasha
  2385 | D:3      | Noticed Natasha
  2387 | D:3      | Identified the +2 leather armour of Defiance {rPois rF-
                  | rC++ Regen+}
  2407 | D:3      | HP: 2/56 [cerulean imp/+2 spear[Natasha] (5)]
  2408 | D:3      | Killed Natasha
  2450 | D:2      | Noticed a fire elemental
  2450 | D:2      | Noticed a fire elemental
  2450 | D:2      | Noticed a fire elemental
  2455 | D:1      | Slain by a fire elemental

Illustrated notes

Levels and vault maps discovered:
D:1:      lightli_arrival_statue_moat, layout_loops_ring
D:2:      layout_basic, nicolae_half_adder
D:3:      layout_rooms, old_standard_altar, hellmonk_ecumenical_altar_lost_god,
          kennysheep_pointless_box, uniq_ijyb, uniq_natasha

Skill      XL: |  1  2  3  4  5 |
---------------+----------------+-----
Fighting       | 4 5 |  5.4
Axes           | 5 6 7 |  7.4
Shields        | 1 2 |  2.4
Spellcasting   | |  1.0
Fire Magic     | |  3.2

Action                     |  1- 3 |  4- 6 || total
---------------------------+-------+-------++-------
  Melee: Hand axe          |    22 |       ||    22
         Dagger            |    65 |   144 ||   209
   Cast: Scorch            |     5 |     3 ||     8
  Evoke: Wand              |       |     3 ||     3
    Use: Potion            |       |     4 ||     4
 Armour: Robe              |     6 |       ||     6
         Ring mail         |    31 |   124 ||   155
  Dodge: Dodged            |    42 |    73 ||   115

Table legend: (Time is in decaauts)
 A = Elapsed time spent in this place.
 B = Non-inter-level travel time spent in this place.
 C = Inter-level travel time spent in this place.
 D = Time resting spent in this place.
 E = Time spent auto-exploring this place.
 F = Levels seen in this place.
 G = Mean time per level.
                   A        B        C        D        E       F      G
               +--------+--------+--------+--------+--------+-----+--------+
         Total |   2456 |   2331 |    125 |    302 |   1342 |   3 |  818.7 |
       Dungeon |   2456 |   2331 |    125 |    302 |   1342 |   3 |  818.7 |
               +--------+--------+--------+--------+--------+-----+--------+

Top non-repeatable levels by time:
     D:2: 1110 daAuts
     D:1: 766 daAuts
     D:3: 579 daAuts
